 Dungeon Crawl Stone Soup version 0.30-a0-694-g3340775977 (console) character file.

Game seed: 17070261708356140956

10698 Ignak the Covert (level 11, -1/72 HPs)
             Began as an Octopode Hedge Wizard on Jan 20, 2023.
             Was a Priest of Sif Muna.
             Constricted to death by an anaconda simulacrum (2 damage)
             ... in an ice cave.
             The game lasted 00:45:30 (15273 turns).

Ignak the Covert (Octopode Hedge Wizard)           Turns: 15273, Time: 00:45:31

Health: -1/72      AC:  3    Str: 11    XL:     11   Next: 66%
Magic:  15/18      EV: 12    Int: 20    God:    Sif Muna [***...]
Gold:   400        SH:  6    Dex: 11    Spells: 11/22 levels left

rFire   . . .      SeeInvis .    a - +4 short sword (venom)
rCold   + + .      Faith    .    w - +2 buckler {rC+}
rNeg    . . .      Spirit   .    y - +2 hat
rPois   .          Reflect  .    (no amulet)
rElec   .          Harm     .    s - ring of willpower
rCorr   .          Rampage  .    (no ring)
Will    +....                    (no ring)
Stlth   +++++                    (no ring)
HPRegen 0.32/turn                (no ring)
MPRegen 0.16/turn                (no ring)
                                 (no ring)
                                 (no ring)

@: on blink cooldown, constricted
A: almost no armour, amphibious, 8 rings, camouflage 1, gelatinous body 1,
(nimble swimmer 1), tentacles, cold resistance 1, low MP 1, wild magic 1
a: Renounce Religion, Channel Magic, Forget Spell


You were in an ice cave.
You worshipped Sif Muna.
Sif Muna was most pleased with you.
You visited 2 branches of the dungeon, and saw 13 of its levels.
You also visited: Sewer and Ice Cave.

You collected 675 gold pieces.
You spent 275 gold pieces at shops.

Inventory:

Hand Weapons
 a - a +4 short sword of venom (weapon)
 e - a +0 spear of flaming
 E - a +4 spear
Missiles
 p - a throwing net
 v - 32 poisoned darts (quivered)
Armour
 w - a +2 buckler of cold resistance (worn)
 y - a +2 hat (worn)
Magical Staves
 b - a staff of poison
Jewellery
 s - a ring of willpower (left tentacle)
Wands
 l - a wand of digging (1)
 x - a wand of iceblast (9)
Scrolls
 f - 2 scrolls of fear
 h - a scroll of teleportation
 i - 3 scrolls of blinking
 k - a scroll of enchant weapon
 o - 4 scrolls of magic mapping
 t - 4 scrolls of poison
 A - 5 scrolls of identify
 F - a scroll of amnesia
 G - a scroll of silence
Potions
 c - 2 potions of magic
 g - 2 potions of haste
 m - a potion of cancellation
 q - a potion of invisibility
 r - 2 potions of flight
 u - 3 potions of mutation
 z - a potion of lignification
 B - 2 potions of curing
 C - a potion of brilliance


   Skills:
 + Level 5.8 Fighting
 * Level 4.8(5.5) Short Blades
 - Level 4.0(5.1) Long Blades
 + Level 8.3 Dodging
 + Level 9.0 Stealth
 * Level 3.7 Shields
 - Level 1.0 Unarmed Combat
 + Level 6.3 Spellcasting
 - Level 3.0 Conjurations
 - Level 2.0 Summonings
 - Level 3.0 Translocations
 - Level 5.0 Ice Magic
 * Level 2.3 Air Magic
 - Level 2.0 Poison Magic
 + Level 6.2 Invocations


You had 11 spell levels left.
You knew the following spells:

 Your Spells              Type           Power      Damage    Failure   Level
a - Magic Dart            Conj           92%        1d7       6%          1
b - Blink                 Tloc           46%        N/A       10%         2
c - Frozen Ramparts       Ice            68%        1d11      8%          3
d - Mephitic Cloud        Conj/Pois/Air  21%        N/A       21%         3
e - Call Imp              Summ           18%        N/A       13%         2

Your spell library contained the following spells:

 Spells                   Type           Power      Damage    Failure   Level
 Freeze                   Ice            100%       1d10      3%          1
 Lesser Beckoning         Tloc           46%        N/A       10%         2
 Momentum Strike          Conj/Tloc      46%        3d9       10%         2
 Hailstorm                Conj/Ice       29%        3d8       12%         3
 Cigotuvi's Dreadful Rot  Necr/Pois/Air  30%        N/A       16%         2
 Slow                     Hex            32%        N/A       19%         1
 Animate Dead             Necr           8%         N/A       85%         4
 Borgnjor's Vile Clutch   Necr/Erth      4%         N/A       99%         5
 Death Channel            Necr           4%         N/A       100%        6


Dungeon Overview and Level Annotations

Branches:
Dungeon (12/15)            Temple (1/1) D:4            Lair (0/5) D:11
  Sewer (visited)           IceCv (1/1)
    Orc: D:9-12

Altars:
Ashenzari
Cheibriados
Dithmenos
Elyvilon
Fedhas
Gozag
Hepliaklqana
Kikubaaqudgha
Makhleb
Nemelex Xobeh
Okawaru
Qazlal
Ru
Sif Muna
Trog
Uskayaw
Vehumet
Wu Jian
Xom
Yredelemnul
Zin
The Shining One

Shops:
D:5 !   D:9 =

Annotations:
D:5 3 runed translucent doors, LetschGu's ghost, novice SpMo
D:11 Josephine
Temple 2 transporters


Innate Abilities, Weirdness & Mutations

You cannot wear most types of armour.
You are amphibious.
You can wear up to eight rings at the same time.
Your skin changes colour to match your surroundings (Stealth+).
Your rubbery body absorbs attacks. (AC +1, EV +1)
((You are camouflaged when in or above water. (Stealth+)))
You have tentacles for arms and can constrict up to eight enemies at once.
Your flesh is cold resistant. (rC+)
Your magical capacity is low. (-10% MP)
Your spells are a little harder to cast, but a little more powerful.


Message History

The anaconda simulacrum grabs you. The anaconda simulacrum bites you!
The anaconda simulacrum freezes you! You resist.
The anaconda simulacrum constricts you.
You hit the anaconda simulacrum.
Your tentacle-slap misses the anaconda simulacrum.
The anaconda simulacrum is moderately damaged.
You block the anaconda simulacrum's attack.
The anaconda simulacrum constricts you.
You barely miss the anaconda simulacrum.
The anaconda simulacrum is moderately damaged.
The anaconda simulacrum bites you! The anaconda simulacrum freezes you.
You resist. The anaconda simulacrum constricts you.
Your crimson imp barely misses the anaconda simulacrum.
You hit the anaconda simulacrum.
The anaconda simulacrum is heavily damaged.
The anaconda simulacrum bites you! The anaconda simulacrum freezes you.
You resist. The anaconda simulacrum constricts you.
Your crimson imp closely misses the anaconda simulacrum.
Casting: Call Imp (safe; 13% risk of failure)
Confirm with . or Enter, or press ? or * to list all spells.
You escape the anaconda simulacrum's grasp.
You blink.
Casting: Blink (safe; 10% risk of failure)
Confirm with . or Enter, or press ? or * to list all spells.
You don't know that spell.
You barely miss the anaconda simulacrum.
The anaconda simulacrum is heavily damaged.
The anaconda simulacrum grabs you. The anaconda simulacrum misses you.
The anaconda simulacrum constricts you.
Casting: Blink (safe; 10% risk of failure)
Confirm with . or Enter, or press ? or * to list all spells.
You are still too unstable to blink.
You hit the anaconda simulacrum.
The anaconda simulacrum is heavily damaged.
The anaconda simulacrum bites you!
* * * LOW HITPOINT WARNING * * *
The anaconda simulacrum freezes you! You resist.
* * * LOW HITPOINT WARNING * * *
The anaconda simulacrum constricts you.
You die...

###....# ##.....##.
##≈≈≈##.##.##......#
#≈≈≈≈##.#.# ###...#.
###≈≈##...####.##.##
##.##≈###..#.#.######
##...#≈# ##....## #.
#....#5#####...# ##.
#.#..Z#..###.#.## ##..
ZZZ##.@#(#.#.###.###..#
#ZZ# ##...#..##
#..##..# ##Z
##......###...###. ##
##..##..##.#....#
#..##...#.###..##
#.##......####.# #..
#(..#...##..# #.#
#b⌠.##.#.b.## .#. .#
##bb.###.#b.#


You could see an anaconda simulacrum (ally target) and a friendly crimson imp
(summoned).

Vanquished Creatures
  A centaur warrior (D:10)
  A two-headed ogre (D:10)
  Maurice (D:9)
  An ice statue (IceCv)
  4 unseen horror zombies (D:8)
  3 kobold demonologists (D:10)
  2 trolls (D:10)
  Sigmund (D:4)
  A centaur simulacrum (D:11)
  3 wyverns
  5 yaks
  2 water moccasins
  An orc warrior (D:6)
  An ice beast (D:11)
  2 sky beasts
  A hornet zombie (D:8)
  5 ogres
  2 centaurs
  A phantom (D:6)
  3 kobold brigands
  4 necrophages
  Blork the orc (D:6)
  3 bullfrogs
  2 scorpions (D:5)
  A two-headed ogre simulacrum (IceCv)
  A wyvern zombie (D:8)
  6 wights
  4 killer bees (D:10)
  2 elephant simulacra (IceCv)
  3 howler monkeys
  A jelly (D:8)
  2 hounds
  A gnoll bouda (D:8)
  4 orc priests
  6 iguanas
  4 orc wizards
  3 killer bee zombies (D:8)
  2 troll simulacra (IceCv)
  A polar bear simulacrum (IceCv)
  2 spriggan simulacra (IceCv)
  2 wolf simulacra (IceCv)
  3 adders
  17 gnolls
  8 naga simulacra (IceCv)
  4 white imps
  5 ufetubi
  2 worms
  4 dart slugs
  16 orcs
  6 ball pythons
  8 bats
  5 endoplasms
  9 giant cockroaches
  3 goblins
  6 hobgoblins
  4 jackals
  15 kobolds
  5 quokkas
  2 rats
218 creatures vanquished.

Vanquished Creatures (collateral kills)
  Prince Ribbit (D:9)
  Eustachio (D:5)
  Menkaure (D:5)
  An orc warrior (D:9)
  A sky beast (D:7)
  A bullfrog (D:9)
  2 necrophages
  2 hounds
  An iron imp (D:3)
  An iguana (D:5)
  A troll simulacrum (IceCv)
  2 gnolls
  A naga simulacrum (IceCv)
  A white imp (IceCv)
  An ufetubus (IceCv)
  A worm (D:2)
  A dart slug (D:2)
  An orc (D:5)
  An endoplasm (D:4)
  4 jackals
  4 kobolds
  A bat (D:2)
31 creatures vanquished.

Vanquished Creatures (others)
  A sky beast (D:8)
  6 fungi (D:10)
  11 plants (D:4)
18 creatures vanquished.

Grand Total: 267 creatures vanquished

Notes
Turn   | Place    | Note
-------+----------+-------------------------------------------
     0 | D:1      | Ignak the Octopode Hedge Wizard began the quest for the
                  | Orb.
     0 | D:1      | Reached XP level 1. HP: 11/11 MP: 4/4
   246 | D:1      | Reached XP level 2. HP: 13/17 MP: 6/6
   256 | D:1      | Learned a level 2 spell: Blink
   259 | D:1      | Learned a level 2 spell: Call Imp
   853 | D:2      | Reached skill level 3 in Stealth
   853 | D:2      | Reached XP level 3. HP: 18/22 MP: 4/7
  1178 | D:2      | Found a faded altar of an unknown god.
  1598 | D:3      | Found a radiant altar of Vehumet.
  1615 | D:3      | Reached XP level 4. HP: 27/27 MP: 8/8
  1670 | D:3      | Found a snail-covered altar of Cheibriados.
  1690 | D:3      | Reached skill level 1 in Unarmed Combat
  1828 | D:3      | Learned a level 3 spell: Mephitic Cloud
  2251 | D:3      | Reached skill level 1 in Fighting
  2502 | D:4      | Reached skill level 1 in Short Blades
  2502 | D:4      | Reached XP level 5. HP: 26/33 MP: 9/9
  2507 | D:4      | Found a staircase to the Ecumenical Temple.
  2528 | Temple   | Entered the Ecumenical Temple
  2528 | Temple   | Found a transporter.
  2528 | Temple   | Found a transporter.
  2530 | Temple   | Found a transporter.
  2530 | Temple   | Found a transporter.
  2554 | Temple   | Became a worshipper of Sif Muna the Loreminder
  2646 | D:4      | Noticed an ogre
  2655 | D:4      | Noticed Sigmund
  2659 | D:4      | Killed an ogre
  2660 | D:4      | Reached XP level 6. HP: 38/38 MP: 2/11
  2749 | D:4      | Killed Sigmund
  2750 | D:4      | Reached skill level 4 in Stealth
  2831 | D:4      | Found a glowing drain.
  2859 | D:4      | Reached XP level 7. HP: 24/44 MP: 9/12
  2869 | Sewer    | Entered a sewer
  3960 | D:4      | Found a white marble altar of Elyvilon.
  4001 | D:5      | Entered Level 5 of the Dungeon
  4113 | D:5      | Reached * piety under Sif Muna
  4252 | D:4      | Reached skill level 1 in Poison Magic
  4328 | D:5      | Gained mutation: Your flesh is cold resistant. (rC+)
                  | [potion of mutation]
  4328 | D:5      | Gained mutation: Your magical capacity is low. (-10% MP)
                  | [potion of mutation]
  4328 | D:5      | Gained mutation: Your spells are a little harder to cast,
                  | but a little more powerful. [potion of mutation]
  4407 | D:5      | Reached skill level 1 in Air Magic
  4520 | D:5      | Reached XP level 8. HP: 34/51 MP: 9/12
  4532 | D:5      | Reached skill level 5 in Stealth
  4731 | D:5      | Noticed Eustachio
  4760 | D:5      | Killed Eustachio
  4929 | D:5      | Found a runed translucent gate.
  4930 | D:5      | Found a runed translucent gate.
  4930 | D:5      | Found a runed translucent gate.
  4936 | D:5      | Noticed LetschGu's ghost (novice SpMo)
  5019 | D:5      | Found Iffir's Distillery.
  5025 | D:5      | Bought a potion of curing for 33 gold pieces
  5025 | D:5      | Bought a potion of curing for 33 gold pieces
  5025 | D:5      | Bought a potion of curing for 33 gold pieces
  5025 | D:5      | Bought a potion of heal wounds for 55 gold pieces
  5025 | D:5      | Bought a potion of curing for 33 gold pieces
  5025 | D:5      | Bought a potion of invisibility for 88 gold pieces
  5167 | D:5      | Reached skill level 5 in Dodging
  5199 | D:5      | Noticed Menkaure
  5427 | D:5      | Killed Menkaure
  5428 | D:5      | Reached skill level 1 in Long Blades
  5683 | D:6      | Reached skill level 1 in Invocations
  5860 | D:5      | Reached skill level 6 in Stealth
  5860 | D:5      | Reached XP level 9. HP: 55/57 MP: 11/14
  6278 | D:6      | Noticed Blork the orc
  6291 | D:6      | Killed Blork the orc
  6311 | D:6      | Reached ** piety under Sif Muna
  6870 | D:6      | Reached skill level 5 in Spellcasting
  7631 | D:7      | Reached skill level 7 in Stealth
  7699 | D:7      | Learned a level 3 spell: Frozen Ramparts
  8077 | D:7      | Reached skill level 1 in Ice Magic
  8108 | D:7      | Reached XP level 10. HP: 22/61 MP: 12/16
  8847 | D:8      | Found a basalt altar of Yredelemnul.
  8942 | D:8      | Reached skill level 5 in Invocations
  9475 | D:8      | Reached skill level 5 in Fighting
  9589 | D:9      | Found Hetsaff's Jewellery Shoppe.
  9612 | D:9      | Reached skill level 8 in Stealth
 10407 | D:9      | Noticed Maurice
 10414 | D:9      | Noticed Prince Ribbit
 10438 | D:9      | Killed Prince Ribbit
 10449 | D:9      | Killed Maurice
 10450 | D:9      | Reached skill level 1 in Shields
 11082 | D:8      | Reached XP level 11. HP: 58/70 MP: 9/17
 11751 | D:10     | Entered Level 10 of the Dungeon
 12024 | D:10     | Noticed a two-headed ogre
 12068 | D:10     | Killed a two-headed ogre
 12251 | D:10     | Reached *** piety under Sif Muna
 12308 | D:10     | Found an ancient bone altar of Kikubaaqudgha.
 12344 | D:10     | Noticed a centaur warrior
 12360 | D:10     | Killed a centaur warrior
 12361 | D:10     | Reached skill level 5 in Ice Magic
 12802 | D:10     | Identified the +1 helmet "Mebrumiofo" {Harm rPois}
 12880 | D:10     | Found a bloodstained altar of Trog.
 12900 | D:10     | Found a stormy altar of Qazlal.
 13055 | D:11     | HP: 3/72 [meliai simulacrum (8)]
 13483 | D:11     | Noticed Josephine
 13518 | D:11     | Found a frozen archway.
 13518 | D:11     | Noticed a manticore
 13521 | D:11     | Noticed a manticore
 13526 | IceCv    | Entered an ice cave
 14017 | IceCv    | Reached skill level 9 in Stealth
 15001 | IceCv    | HP: 2/72 [dire elephant simulacrum (9)]
 15273 | IceCv    | HP: 1/72 [anaconda simulacrum (10)]
 15273 | IceCv    | Constricted to death by an anaconda simulacrum

Illustrated notes

Levels and vault maps discovered:
D:1:      giann_wishing_wells, layout_loops_ring,
          hangedman_decor_clover_reticule
D:2:      layout_basic, ebering_ecumenical_altar_hall, mrwooster_statue_mirror
D:3:      layout_basic, slow_altar_1, nicolae_vehumet_altar_sigil,
          serial_curves, eino_curves_01, eino_curves_01
D:4:      layout_basic, nicolae_elyvilon_temple_path, temple_statues,
          gup_sewer_entry_glass, minivault_25, uniq_sigmund
D:5:      layout_loops_ring, serial_shops, shop, ebering_ghost_rock_garden,
          chequers_garden, uniq_menkaure, uniq_eustachio
D:6:      layout_cave_pods, serial_column_ruins, column_ruins_pillar_2,
          column_ruins_pillar_10, column_ruins_pillar_4, column_ruins_pillar_2,
          column_ruins_pillar_7, column_ruins_pillar_4, column_ruins_pillar_1,
          column_ruins_pillar_1, column_ruins_pillar_8, column_ruins_pillar_3,
          column_ruins_pillar_2, column_ruins_pillar_7, column_ruins_pillar_11,
          column_ruins_pillar_4, column_ruins_pillar_6, column_ruins_pillar_9,
          column_ruins_pillar_4, column_ruins_pillar_4, column_ruins_pillar_2,
          column_ruins_pillar_3, uniq_blork_the_orc
D:7:      layout_gridville
D:8:      layout_rooms, nicolae_yredelemnul_corpse_copse, serial_glass,
          glass_columns_c, glass_columns_a
D:9:      layout_layer_cave, serial_shops, shop, uniq_prince_ribbit1,
          uniq_maurice
D:10:     layout_cave_pools, nicolae_overflow_crystal_walls,
          general_overflow_altar, mainiacjoe_overflow_boulevard
D:11:     layout_small_grid, grunt_lair_entry_orc_guard_hut,
          nicolae_trove_entry_crystal, serial_ice, serial_ice_j, serial_ice_a,
          serial_ice_h, serial_ice_c, portal_ice_cave_entry_ice_simulacra,
          uniq_josephine
D:12:     layout_loops_cross, minmay_orc_entry_temple_small
Temple:   hellmonk_temple_divided_pantheon
IceCv:    ice_cave_caverns_03

Skill      XL: |  1  2  3  4  5  6  7  8  9 10 11 |
---------------+----------------------------------+-----
Stealth        | 3 4 6 7 8 9 |  9.0
Unarmed Combat | 1 |  1.0
Fighting       | 1 2 3 4 5 |  5.8
Short Blades   | 1 2 3 4 |  4.8
Dodging        | 3 4 5 7 8 |  8.3
Conjurations   | 2 3 |  3.0
Translocations | 2 3 |  3.0
Summonings     | 2 |  2.0
Poison Magic   | 1 2 |  2.0
Spellcasting   | 4 5 6 |  6.3
Air Magic      | 1 2 |  2.3
Long Blades    | 1 3 4 |  4.0
Invocations    | 1 4 5 6 |  6.2
Ice Magic      | 1 4 5 |  5.0
Shields        | 1 3 |  3.7

Action                   |  1- 3 |  4- 6 |  7- 9 | 10-12 || total
-------------------------+-------+-------+-------+-------++-------
Melee: Spear             |   102 |    65 |   123 |       ||   290
       Constrict         |    16 |    19 |    52 |    51 ||   138
       Tentacles         |    11 |    16 |    95 |   131 ||   253
       Punch             |     1 |       |     6 |    11 ||    18
       Dagger            |     1 |       |     1 |       ||     2
       Falchion          |       |       |   147 |   132 ||   279
       Unarmed           |       |       |    20 |       ||    20
       Staff             |       |       |       |    25 ||    25
       Short sword       |       |       |       |   238 ||   238
Throw: Dart              |       |       |     4 |    11 ||    15
 Cast: Call Imp          |     7 |     9 |    40 |    43 ||    99
       Mephitic Cloud    |       |     2 |    21 |    30 ||    53
       Blink             |       |     1 |    11 |    13 ||    25
       Frozen Ramparts   |       |       |       |     4 ||     4
       Magic Dart        |       |       |       |     3 ||     3
Invok: Channel Magic     |       |       |       |     2 ||     2
Evoke: Wand              |       |       |     4 |    13 ||    17
  Use: Scroll            |       |    10 |     8 |     7 ||    25
       Potion            |       |     4 |     5 |    10 ||    19
 Stab: Sleeping          |    16 |     6 |     9 |     6 ||    37
       Confused          |       |     1 |    11 |    15 ||    27
       Distracted        |       |       |       |     2 ||     2
Armor: Skin              |    15 |     9 |    44 |    94 ||   162
Dodge: Dodged            |    54 |    61 |   211 |   307 ||   633
Block: Buckler           |       |       |       |    22 ||    22

Table legend: (Time is in decaauts)
 A = Elapsed time spent in this place.
 B = Non-inter-level travel time spent in this place.
 C = Inter-level travel time spent in this place.
 D = Time resting spent in this place.
 E = Time spent auto-exploring this place.
 F = Levels seen in this place.
 G = Mean time per level.
                   A        B        C        D        E       F      G
               +--------+--------+--------+--------+--------+-----+--------+
         Total |  15239 |  14798 |    441 |   4354 |   5930 |  15 | 1015.9 |
       Dungeon |  13042 |  12605 |    437 |   2924 |   5920 |  12 | 1086.8 |
        Temple |    166 |    163 |      3 |    112 |      0 |   1 |  166.0 |
         Sewer |    329 |    329 |      0 |    194 |     10 |   1 |  329.0 |
      Ice Cave |   1701 |   1701 |      0 |   1124 |      0 |   1 | 1701.0 |
               +--------+--------+--------+--------+--------+-----+--------+

Top non-repeatable levels by time:
     D:9: 1719 daAuts
   IceCv: 1701 daAuts
     D:5: 1645 daAuts
     D:8: 1434 daAuts
     D:6: 1388 daAuts
    D:10: 1257 daAuts
     D:4: 1191 daAuts
     D:7: 1163 daAuts
     D:3: 1150 daAuts
     D:2: 838 daAuts
     D:1: 757 daAuts
   Sewer: 329 daAuts
    D:12: 315 daAuts
    D:11: 179 daAuts
  Temple: 166 daAuts
